Map: Blackpink LE

Players

Starbuck

  • Race: Zerg Zerg
  • League: Grandmaster
  • Spawn Location: 1:00

NightEnD - Winner!

  • Race: Protoss Protoss
  • League: Grandmaster
  • Spawn Location: 7:00

Event: WESG Barcelona European Finals 2017

VOD

Have the link to the VOD?

Description

Time

  • Played on: Nov. 24, 2017, 5:50 a.m.
  • Length: 9:49

All games in this series

Show
View Real Time Build Order
Export as new Build Order

Starbuck Zerg 

Build Orders: Hatch First 

Get SALT Encoding   

  12  0:00  Drone  
  13  0:12  Overlord  
  13  0:16  Drone  
  14  0:30  Drone x2  
  14  0:34  Drone  
  17  0:52  Hatchery  
  17  0:54  Drone  
  17  0:58  Drone  
  18  1:09  Extractor  
  17  1:14  Spawning Pool  
  17  1:16  Drone  
  17  1:19  Drone  
  18  1:28  Drone  
  19  1:38  Overlord  
  19  1:49  Drone  
  20  2:00  Queen  
  20  2:01  Zergling x2  
  23  2:03  Queen  
  23  2:04  Zergling x2  
  26  2:09  Metabolic Boost  
  26  2:10  Drone  
  26  2:15  Drone  
  28  2:24  Drone  
  29  2:32  Drone, Roach Warren  
  29  2:35  Drone  
  30  2:38  Overlord  
  30  2:43  Overlord  
  30  3:13  Roach x5  
  30  3:14  Roach x2  
  30  3:15  Zergling x2  
  30  3:16  Zergling x2  
  30  3:18  Zergling x2  
  45  3:20  Zergling x2  
  45  3:23  Zergling x2  
  47  3:28  Zergling x2  
  47  3:33  Zergling x2  
  49  3:40  Zergling x6  
  52  3:41  Overlord  
  52  3:46  Overlord  
  52  4:01  Ravager  
  52  4:04  Drone  
  52  4:05  Zergling x8  
  57  4:17  Drone x2  
  58  4:23  Zergling x4, Drone  
  56  4:26  Zergling x6  
  56  4:31  Drone  
  54  4:32  Drone  
  54  4:37  Drone  
  50  4:40  Lair  
  50  4:44  Overlord  
  50  4:45  Drone  
  48  4:48  Drone  
  47  4:58  Queen  
  46  5:00  Spore Crawler  
  46  5:02  Spore Crawler  
  46  5:03  Drone x3  
  46  5:04  Drone  
  47  5:13  Drone x2  
  46  5:14  Drone x2, Extractor  
  46  5:15  Drone  
  46  5:16  Extractor  
  46  5:18  Extractor  
  46  5:21  Drone  
  46  5:24  Spore Crawler  
  46  5:39  Zergling x4  
  46  5:41  Drone x3  
  46  5:42  Glial Reconstitution  
  49  5:44  Hydralisk Den  
  49  5:48  Overlord  
  49  5:49  Queen  
  49  5:50  Drone x2  
  49  5:51  Drone  
  49  5:53  Drone  
  53  6:10  Drone x4  
  57  6:15  Zergling x2  
  57  6:17  Zergling x2  
  58  6:19  Zergling x2  
  58  6:22  Queen  
  59  6:27  Zergling x8  
  59  6:28  Zergling x4  
  59  6:32  Zergling x2  
  50  6:40  Zergling x2  
  50  6:41  Queen  
  48  6:48  Hydralisk  
  48  6:49  Hydralisk  
  48  6:52  Hydralisk  
  52  6:54  Hydralisk x2  
  52  6:58  Hydralisk  
  52  7:00  Drone  
  59  7:05  Drone x2  
  61  7:18  Infestation Pit  
  61  7:21  Drone  
  61  7:23  Hatchery  
  61  7:25  Overlord  
  61  7:29  Drone  
  62  7:30  Drone  
  62  7:32  Drone  
  63  7:47  Roach x4  
  63  7:51  Overlord  
  71  7:52  Drone  
  71  7:57  Pathogen Glands  
  72  8:02  Overlord  
  71  8:08  Hydralisk  
  72  8:21  Infestor x4  
  72  8:24  Burrow  
  80  8:27  Drone x2  
  80  8:29  Drone  
  80  8:33  Spore Crawler  
  78  8:40  Hydralisk  
  72  8:46  Hydralisk  
  72  8:49  Hydralisk x2  
  72  8:52  Hydralisk  
  76  8:57  Hydralisk  
  76  8:59  Hydralisk  
  76  9:02  Hydralisk  
  80  9:06  Hydralisk  
  84  9:10  Hydralisk  
  84  9:13  Hydralisk  
  88  9:17  Hydralisk  
Show
View Real Time Build Order
Export as new Build Order

NightEnD Protoss - Winner!

Build Orders: 1 Gate Expand, Oracle Opening 

Get SALT Encoding   

  12  0:00  Probe  
  13  0:13  Probe  
  14  0:20  Pylon  
  14  0:25  Probe  
  15  0:38  Probe (Chrono Boost)  
  16  0:45  Gateway  
  16  0:48  Assimilator  
  16  0:49  Probe (Chrono Boost)  
  17  0:52  Probe  
  18  1:04  Probe  
  19  1:16  Probe  
  20  1:26  Nexus  
  20  1:29  Probe  
  21  1:38  Cybernetics Core  
  21  1:42  Probe  
  22  1:48  Assimilator  
  22  1:53  Pylon  
  22  1:56  Probe  
  23  2:11  Probe (Chrono Boost), Zealot  
  26  2:18  Stargate  
  27  2:23  Probe (Chrono Boost)  
  27  2:26  Warp Gate  
  28  2:30  Probe (Chrono Boost)  
  29  2:37  Probe (Chrono Boost)  
  29  2:38  Adept (Chrono Boost)  
  29  2:43  Probe x2 (Chrono Boost)  
  33  2:51  Probe  
  33  2:55  Gateway  
  33  2:56  Probe  
  35  3:01  Sentry (Chrono Boost)  
  35  3:03  Probe  
  37  3:08  Probe  
  38  3:15  Probe  
  39  3:20  Probe  
  39  3:21  Oracle (Chrono Boost)  
  43  3:28  Probe  
  43  3:29  Pylon  
  43  3:33  Probe  
  45  3:40  Probe  
  46  3:41  Shield Battery  
  46  3:42  Pylon  
  46  3:45  Probe  
  49  3:49  Oracle (Chrono Boost)  
  49  3:50  Shield Battery  
  49  3:57  Adept x2  
  53  4:06  Probe x2  
  51  4:28  Oracle (Chrono Boost)  
  53  4:38  Zealot x2  
  56  4:41  Pylon  
  54  4:49  Probe (Chrono Boost)  
  53  4:55  Probe (Chrono Boost)  
  50  5:01  Probe (Chrono Boost)  
  51  5:10  Probe x2 (Chrono Boost)  
  52  5:16  Probe x2, Assimilator  
  52  5:17  Oracle (Chrono Boost)  
  52  5:18  Assimilator  
  57  5:28  Probe x2  
  59  5:36  Pylon  
  59  5:40  Probe x2  
  61  5:45  Oracle (Chrono Boost)  
  64  5:52  Probe x2  
  66  6:04  Probe x2  
  66  6:07  Twilight Council  
  66  6:08  Stargate  
  66  6:09  Gateway  
  68  6:11  Gateway  
  68  6:15  Phoenix, Pylon  
  68  6:16  Probe x2, Pylon  
  66  6:41  Probe  
  66  6:46  Probe  
  70  6:52  Oracle x2 (Chrono Boost)  
  70  6:54  Probe, Zealot x2  
  67  6:55  Charge  
  71  7:02  Probe  
  71  7:06  Probe, Gateway x2  
  73  7:09  Gateway  
  73  7:15  Zealot x4  
  81  7:24  Robotics Facility  
  81  7:27  Pylon  
  81  7:29  Oracle (Chrono Boost)  
  87  7:37  Oracle (Chrono Boost)  
  87  7:49  Zealot x4  
  95  7:55  Oracle  
  98  8:04  Pylon  
  98  8:07  Pylon  
  98  8:09  Pylon  
  98  8:15  Oracle  
  101  8:26  Warp Prism (Chrono Boost)  
  106  8:39  Oracle (Chrono Boost)  
  103  8:48  Zealot x5  
  103  8:49  Zealot x2  
  103  8:50  Oracle (Chrono Boost)  
  120  8:57  Pylon  
  120  8:58  Pylon  
  120  9:08  Oracle (Chrono Boost)  
  126  9:18  Zealot x2  
  126  9:19  Zealot x5  
  116  9:39  Zealot x5  
  116  9:40  Zealot x2  
Tags
 
Add a new tag
Caveats
  • Supply blocks, unpowered buildings, or Contaminate may cause inaccurate times.
  • Supply counts are checked every 10 seconds.